 Dungeon Crawl Stone Soup version 0.26-a0-591-g04f19ec (webtiles) character file.

Game seed: 16908234364679935426

114923 DrKleor the Bludgeoner (level 16, -8/115 HPs)
             Began as a Demonspawn Fighter on Aug 24, 2020.
             Was the Champion of Okawaru.
             Mangled by a vampire knight
             ... wielding a +0 great mace
              (9 damage)
             ... while paralysed by a vampire knight
             ... on level 1 of the Depths.
             The game lasted 01:29:26 (32325 turns).

DrKleor the Bludgeoner (Demonspawn Fighter)        Turns: 32325, Time: 01:29:27

Health: -8/115     AC: 23    Str: 28    XL:     16   Next: 17%
Magic:  0/25       EV:  2    Int:  4    God:    Okawaru [******]
Gold:   3169       SH:  0    Dex: 22    Spells: 15/15 levels left

rFire    + + .     SeeInvis .   S - +4 eveningstar "Demonbane" {vorpal, +Blink rElec MR-}
rCold    + + .     Faith    +   c - +0 kite shield
rNeg     + + +     Spirit   +   U - +10 plate armour of Vevaelumn {rPois rF+++ Str+2 Int-5 Dex-2}
rPois    +         Reflect  .   n - +0 helmet of Leapfrog {rPois Str+3 Dex+4}
rElec    +         Harm     .   w - +0 cloak {rCorr}
rCorr    +                      z - +2 pair of gloves {Dex+3}
MR       +....                  (no boots)
Stlth    ..........             F - amulet of faith
HPRegen  0.29/turn              W - ring "Loqixt" {rC+ MR+}
MPRegen  0.38/turn              T - ring of Ytefru {Ice *Drain rN+++ Dex+3 Slay+3}

@: paralysed
A: talons 2, deformed body, demonic guardian 2, magic shield, magic
regeneration, sturdy frame 1
a: Heroism, Finesse, Renounce Religion, Evoke Blink


You were on level 1 of the Depths.
You worshipped Okawaru.
Okawaru was exalted by your worship.
You visited 5 branches of the dungeon, and saw 25 of its levels.
You also visited: Gauntlet and Volcano.

You collected 3169 gold pieces.

Inventory:

Hand Weapons
 A - a +2 whip of flaming
 I - a +4 great mace of protection
 S - the +4 eveningstar "Demonbane" (weapon) {vorpal, +Blink rElec MR-}
   (Okawaru gifted it to you in a Gauntlet)

   It inflicts extra damage upon your enemies.
   It insulates you from electricity.
   It affects your resistance to hostile enchantments.
   It lets you blink.
Missiles
 p - 27 boomerangs (quivered)
 x - 5 silver boomerangs
 J - 41 silver javelins
Armour
 c - a +0 kite shield (worn)
 h - a +1 helmet of intelligence
 n - the +0 helmet of Leapfrog (worn) {rPois Str+3 Dex+4}
   (Okawaru gifted it to you on level 12 of the Dungeon)

   It affects your strength (+3).
   It affects your dexterity (+4).
   It protects you from poison.
 w - a +0 cloak of preservation (worn)
 z - a +2 pair of gloves of dexterity (worn)
 U - the +10 plate armour of Vevaelumn (worn) {rPois rF+++ Str+2 Int-5 Dex-2}
   (You took it off a minotaur in a Gauntlet)

   It affects your strength (+2).
   It affects your intelligence (-5).
   It affects your dexterity (-2).
   It renders you almost immune to fire.
   It protects you from poison.
Jewellery
 F - an amulet of faith (around neck)
 R - an uncursed ring of flight
 T - the ring of Ytefru (right hand) {Ice *Drain rN+++ Dex+3 Slay+3}
   (You found it in a Gauntlet)

   [ring of ice]

   It enhances your ice magic.
   It affects your dexterity (+3).
   It affects your accuracy and damage with ranged weapons and melee attacks
   (+3).
   It makes you vulnerable to fire.
   It protects you from cold.
   It renders you almost immune to negative energy.
   It causes draining when unequipped.
 W - the ring "Loqixt" (left hand) {rC+ MR+}
   (You found it on level 5 of the Lair of Beasts)

   [ring of protection from cold]

   It protects you from cold.
   It affects your resistance to hostile enchantments.
Wands
 o - a wand of acid (6)
 B - a wand of digging (3)
 C - a wand of disintegration (26)
 M - a wand of paralysis (16)
 N - a wand of enslavement (15)
 P - a wand of random effects (14)
Scrolls
 b - a scroll of torment
 e - 4 scrolls of enchant armour
 g - 12 scrolls of teleportation
 i - 4 scrolls of fog
 m - 17 scrolls of remove curse
 s - 5 scrolls of blinking
 y - 7 scrolls of enchant weapon
 D - 5 scrolls of amnesia
 K - 2 scrolls of holy word
 X - a scroll of summoning
 Z - a scroll of fear
Potions
 a - 2 potions of ambrosia {unknown}
 d - 9 potions of might
 f - 2 potions of heal wounds
 j - 14 potions of curing
 k - 6 potions of mutation
 l - 8 potions of flight
 q - 5 potions of haste {unknown}
 r - 5 potions of resistance {unknown}
 t - 2 potions of berserk rage
 u - 3 potions of invisibility {unknown}
 G - 3 potions of lignification {unknown}
 H - 6 potions of stabbing {unknown}
 Q - 3 potions of magic {unknown}
 V - a potion of brilliance {unknown}


   Skills:
 * Level 7.1 Fighting
   Level 1.7(10.9) Axes
 - Level 15.9(16.0) Maces & Flails
 + Level 12.0 Throwing
 + Level 6.1 Armour
 + Level 6.1 Dodging
 - Level 15.0 Shields
 - Level 12.0 Invocations


You had 15 spell levels left.
You didn't know any spells.
Your spell library contained the following spells:

 Spells                   Type           Power        Failure   Level
 Magic Dart               Conj           #...         98%         1
 Sting                    Tmut/Pois      #...         98%         1
 Blink                    Tloc           N/A          99%         2
 Call Imp                 Summ           #.......     99%         2
 Poisonous Vapours        Pois/Air       #.....       99%         2
 Slow                     Hex            #.......     99%         2
 Confusing Touch          Hex            #.......     100%        3
 Conjure Flame            Conj/Fire      #.......     100%        3
 Gell's Gravitas          Tloc           #.........   100%        3
 Ignite Poison            Fire/Tmut/Pois #.......     100%        3
 Mephitic Cloud           Conj/Pois/Air  #.......     100%        3
 Portal Projectile        Hex/Tloc       #.....       100%        3
 Cause Fear               Hex            #.........   100%        4
 Olgreb's Toxic Radiance  Pois           #.......     100%        4
 Petrify                  Tmut/Erth      #.......     100%        4
 Metabolic Englaciation   Hex/Ice        #.........   100%        5
 Silence                  Hex/Air        #.........   100%        5
 Yara's Violent Unravell  Hex/Tmut       #.........   100%        5
 Dispersal                Tloc           #.........   100%        6
 Discord                  Hex            #.........   100%        8
 Disjunction              Tloc           #.........   100%        8


Dungeon Overview and Level Annotations

Branches:
Dungeon (15/15)            Temple (1/1) D:5            Lair (6/6) D:10
  Swamp (0/4) Lair:3       Spider (0/4) Lair:4        Slime (0/5) Lair:6
    Orc (2/2) D:10            Elf (0/3) Orc:2        Vaults (0/5) D:13
 Depths (1/5) D:15        Volcano (visited)         Gauntlet (visited)

Altars:
Ashenzari
Cheibriados
Dithmenos
Elyvilon
Fedhas
Gozag
Hepliaklqana
Kikubaaqudgha
Makhleb
Nemelex Xobeh
Okawaru
Qazlal
Ru
Sif Muna
Trog
Uskayaw
Vehumet
Wu Jian
Xom
Yredelemnul
Zin
The Shining One

Shops:
D:12 [   Orc:2 ((*(

Annotations:
D:10 2 runed translucent doors
Lair:2 exclusion: oklob plant


Innate Abilities, Weirdness & Mutations

You have razor-sharp toenails.
A demonic guardian rushes to your aid.
When hurt, damage is shared between your health and your magic reserves.
You regenerate magic rapidly.
Your movements are slightly less encumbered by armour. (ER -2)
Armour fits poorly on your strangely shaped body.


Message History

You miss something. You claw something. You sock something!
Your kick misses something. Something hits you.
* * * LOW HITPOINT WARNING * * *
Something bites you but does no damage.
You barely miss something. You claw something.
Something hits you but does no damage. Something bites you.
* * * LOW HITPOINT WARNING * * *
You miss something. You claw something.
You hear some strange, mumbled words.
You suddenly lose the ability to move!
Something hits you!!
* * * LOW HITPOINT WARNING * * *
Something bites you but does no damage.
Something is infused with unholy energy, but nothing happens.
Something hits you but does no damage. Something bites you.
* * * LOW HITPOINT WARNING * * *
Something hits you!
* * * LOW HITPOINT WARNING * * *
Something bites you!
You die...

....# # # .#...##.#. #
.....#..#. # . .........#
###.. .. ###........##
....... ...##............
....).. .......).........
....... ....>.)))........
....... ........@{........#
....... ......^..)........#
....................#.....##
....................# ......
.......>............###.....
..........###..........#....
.......### ######.#........
.......####### ####........
..........#.##.##...........


There were no monsters in sight!

Vanquished Creatures
  Rupert (Lair:5)
  2 spark wasps (D:15)
  A minotaur (Gauntlet)
  A red draconian (Volcano)
  A dire elephant (Lair:6)
  The ghost of Soleras the Devastator, a journeyman DECj of Vehumet (Lair:6)
  2 fire dragons (Depths:1)
  A yaktaur captain (D:15)
  4 ogre magi
  A rakshasa (D:13)
  2 great orbs of eyes
  5 hydras
  28 two-headed ogres
  Erica (Lair:1)
  A catoblepas (D:12)
  2 centaur warriors
  4 tengu warriors
  Urug (D:11)
  8 death yaks
  An orc high priest (Orc:2)
  A flayed ghost (Depths:1)
  A wizard (Depths:1)
  4 skeletal warriors
  2 unseen horrors (D:15)
  A deep elf archer (D:13)
  A swamp dragon (shapeshifter) (Gauntlet)
  A necromancer (Depths:1)
  A lindwurm (Lair:6)
  A wolf spider zombie (D:13)
  An oklob plant (Lair:6)
  8 deep elf magi
  2 salamanders (Volcano)
  An ugly thing (D:11)
  2 orc sorcerers
  An orc knight (D:13)
  An iron dragon zombie (Depths:1)
  3 manticores
  2 elephants (Lair:6)
  3 cyclopes (D:15)
  3 centaur zombies
  6 black mambas
  3 centaur skeletons
  2 gargoyles
  A torpor snail (shapeshifter) (Gauntlet)
  5 cane toads
  A kobold demonologist (D:15)
  3 rime drakes
  An efreet (D:15)
  11 yaktaurs
  4 komodo dragons
  3 trolls
  3 tengu conjurers
  A meliai (shapeshifter) (Depths:1)
  3 jumping spiders (Lair:4)
  A hornet (D:9)
  9 slime creatures
  Grinder (D:4)
  7 blink frogs
  A spectral dream sheep (Gauntlet)
  Prince Ribbit (D:6)
  A flying skull (Gauntlet)
  7 hippogriffs
  A spriggan skeleton (Depths:1)
  A centaur simulacrum (D:15)
  A shadow (D:10)
  4 redbacks (Lair:4)
  7 water elementals
  4 wraiths
  2 vampires
  14 yaks
  Eustachio (D:4)
  A wyvern (D:15)
  2 basilisks
  5 vampire mosquitoes
  A death yak simulacrum (Lair:6)
  A spriggan simulacrum (Depths:1)
  A spectral cane toad (Gauntlet)
  2 swamp worms (Lair:3)
  3 acid dragons
  4 porcupines
  A hydra simulacrum (Lair:6)
  21 orc warriors
  2 black bears
  14 water moccasins
  3 ice beasts
  2 sky beasts
  3 phantoms
  An eye of draining (D:9)
  25 ogres
  7 wolves
  14 centaurs
  3 black mamba simulacra (Lair:6)
  A tengu (shapeshifter) (D:14)
  11 crocodiles
  3 big kobolds (D:13)
  14 bullfrogs
  3 scorpions
  7 wights
  7 killer bees
  6 electric eels
  A howler monkey (D:6)
  A crimson imp (D:7)
  A bullfrog zombie (D:13)
  A fire crab simulacrum (Lair:6)
  2 jellies
  2 quasits (D:11)
  22 orc wizards
  24 orc priests
  A bullfrog skeleton (D:8)
  4 hounds
  Crazy Yiuf (D:4)
  2 iguanas
  6 worker ants
  7 hell rats (Lair:5)
  4 hound skeletons
  3 worker ant zombies
  21 adders
  4 shadow imps
  4 white imps
  An ooze (D:2)
  An adder zombie (D:6)
  2 adder skeletons
  2 worms
  2 dart slugs
  9 leopard geckos
  94 orcs
  12 bats
  6 giant cockroaches
  7 goblins
  9 hobgoblins
  15 jackals
  5 quokkas
  A ball python (D:3)
  3 frilled lizards
  A giant cockroach zombie (D:5)
  8 kobolds
  6 rats
  A bush (Lair:6)
682 creatures vanquished.

Vanquished Creatures (collateral kills)
  A stone giant (Depths:1)
  A hydra (Lair:3)
  Harold (D:7)
  A catoblepas (Lair:6)
  2 ogre magi
  8 two-headed ogres
  2 death scarabs (Gauntlet)
  2 death yaks (Lair:6)
  A salamander mystic (Volcano)
  A skeletal warrior (Lair:1)
  A lindwurm (Lair:6)
  Pikel (D:7)
  3 salamanders (Volcano)
  A manticore (Lair:6)
  2 elephants (Lair:6)
  2 black mambas
  5 cane toads
  2 rime drakes (Lair:6)
  3 yaktaurs
  A troll (D:10)
  5 blink frogs
  2 slime creatures (D:12)
  3 hippogriffs
  4 flying skulls (Gauntlet)
  A vampire (D:13)
  7 yaks
  Grum (Lair:1)
  2 basilisks
  4 vampire mosquitoes
  2 orc warriors
  An eye of draining (D:12)
  8 ogres
  A wolf (Lair:1)
  5 centaurs
  A big kobold (D:13)
  3 crocodiles
  A bullfrog (Lair:3)
  A scorpion (D:6)
  3 wights (D:6)
  6 orc wizards
  2 orc priests
  2 hound zombies
  A shadow imp (D:6)
  10 orcs
  2 jackals (D:6)
119 creatures vanquished.

Vanquished Creatures (others)
  A tengu conjurer (D:15)
  An orc (Orc:1)
  14 fungi
  41 plants
57 creatures vanquished.

Grand Total: 858 creatures vanquished

Notes
Turn   | Place    | Note
-------+----------+-------------------------------------------
     0 | D:1      | DrKleor the Demonspawn Fighter began the quest for the Orb.
     0 | D:1      | Reached XP level 1. HP: 18/18 MP: 1/1
   395 | D:1      | Reached skill level 1 in Throwing
   395 | D:1      | Gained mutation: You have sharp toenails. [demonic
                  | ancestry]
   395 | D:1      | Reached XP level 2. HP: 22/24 MP: 2/2
   717 | D:1      | Gained mutation: When hurt, damage is shared between your
                  | health and your magic reserves. [demonic ancestry]
   717 | D:1      | Reached XP level 3. HP: 29/29 MP: 3/3
  1526 | D:2      | Noticed a centaur
  1535 | D:2      | Killed a centaur
  1535 | D:2      | Reached XP level 4. HP: 15/38 MP: 1/4
  1535 | D:2      | Gained mutation: You have razor-sharp toenails. [demonic
                  | ancestry]
  1535 | D:2      | Reached XP level 5. HP: 17/43 MP: 1/5
  2068 | D:3      | Found a shattered altar of Ashenzari.
  2240 | D:3      | Reached skill level 5 in Fighting
  2445 | D:3      | Noticed an ogre
  2460 | D:3      | Killed an ogre
  2460 | D:3      | Gained mutation: A weak demonic guardian rushes to your
                  | aid. [demonic ancestry]
  2460 | D:3      | Reached XP level 6. HP: 51/51 MP: 6/6
  2476 | D:3      | You fall into a shaft and drop 2 floors!
  2476 | D:5      | Entered Level 5 of the Dungeon
  2482 | D:5      | Found a staircase to the Ecumenical Temple.
  2501 | Temple   | Entered the Ecumenical Temple
  2509 | Temple   | Became a worshipper of Warmaster Okawaru
  2640 | D:4      | Found a radiant altar of Vehumet.
  2774 | D:4      | Noticed Grinder
  2783 | D:4      | Killed Grinder
  2783 | D:4      | Gained mutation: You regenerate magic rapidly. [demonic
                  | ancestry]
  2783 | D:4      | Reached XP level 7. HP: 51/56 MP: 4/7
  2935 | D:3      | Found a bloodstained altar of Trog.
  3343 | D:4      | Reached * piety under Okawaru
  3459 | D:4      | Found a runed translucent door.
  3460 | D:4      | Noticed Crazy Yiuf
  3467 | D:4      | Killed Crazy Yiuf
  3467 | D:4      | Reached skill level 5 in Throwing
  3881 | D:4      | Noticed Eustachio
  3902 | D:4      | Killed Eustachio
  3902 | D:4      | Reached skill level 5 in Armour
  4023 | D:4      | Reached ** piety under Okawaru
  4023 | D:4      | Gained mutation: A demonic guardian rushes to your aid.
                  | [demonic ancestry]
  4023 | D:4      | Reached XP level 8. HP: 59/62 MP: 8/8
  4502 | D:5      | Found a sacrificial altar of Ru.
  4706 | D:5      | Reached skill level 1 in Dodging
  4706 | D:5      | Reached skill level 1 in Invocations
  4748 | D:6      | Found a snail-covered altar of Cheibriados.
  4938 | D:6      | Found a shattered altar of Ashenzari.
  5111 | D:6      | Noticed Prince Ribbit
  5128 | D:6      | Killed Prince Ribbit
  5128 | D:6      | Reached *** piety under Okawaru
  5474 | D:7      | Reached skill level 5 in Invocations
  5605 | D:7      | Found a burning altar of Makhleb.
  5605 | D:7      | Found a shimmering altar of Xom.
  5618 | D:7      | Reached XP level 9. HP: 68/68 MP: 13/13
  5670 | D:7      | Noticed Harold
  5677 | D:7      | Killed Harold
  5677 | D:7      | Received a gift from Okawaru
  5677 | D:7      | Reached **** piety under Okawaru
  5792 | D:7      | Reached skill level 5 in Dodging
  6119 | D:7      | Found a shimmering blue altar of Sif Muna.
  6186 | D:7      | Found a basalt altar of Yredelemnul.
  6306 | D:7      | Noticed Pikel
  6318 | D:7      | Killed Pikel
  6329 | D:7      | Reached ***** piety under Okawaru
  6686 | D:8      | Reached skill level 1 in Maces & Flails
  6755 | D:8      | Found a shadowy altar of Dithmenos.
  6950 | D:8      | Found a blossoming altar of Fedhas.
  7486 | D:8      | Found a hide-covered altar of Uskayaw.
  7688 | D:9      | Noticed a two-headed ogre
  7866 | D:9      | Killed a two-headed ogre
  7866 | D:9      | Received a gift from Okawaru
  7866 | D:9      | Reached XP level 10. HP: 45/74 MP: 12/17
  7886 | D:9      | Reached skill level 10 in Invocations
  8235 | D:9      | Noticed a two-headed ogre
  8241 | D:9      | Killed a two-headed ogre
  8285 | D:9      | Received a gift from Okawaru
  8964 | D:9      | Found a shadowy altar of Dithmenos.
  9488 | D:10     | Entered Level 10 of the Dungeon
  9507 | D:10     | Reached skill level 5 in Maces & Flails
  9512 | D:10     | Found a staircase to the Lair.
  9561 | D:10     | Received a gift from Okawaru
  9798 | D:10     | Noticed a skeletal warrior
  9800 | D:10     | Noticed a skeletal warrior
  9802 | D:10     | Noticed a skeletal warrior
  9802 | D:10     | Noticed a skeletal warrior
  9816 | Lair:1   | Entered Level 1 of the Lair of Beasts
  9832 | Lair:1   | Found a dark tunnel.
  9840 | Volcano  | Entered a volcano
  9873 | Volcano  | Noticed a salamander
  9882 | Volcano  | Killed a salamander
 10037 | Volcano  | Noticed a salamander
 10046 | Volcano  | Killed a salamander
 10046 | Volcano  | Received a gift from Okawaru
 10097 | Volcano  | Noticed a salamander
 10098 | Volcano  | Noticed a red draconian
 10098 | Volcano  | Noticed a salamander
 10128 | Volcano  | Killed a red draconian
 10128 | Volcano  | Reached XP level 11. HP: 37/79 MP: 4/20
 10429 | Volcano  | Noticed a salamander mystic
 10454 | Volcano  | Killed a salamander mystic
 10458 | Volcano  | Reached ****** piety under Okawaru
 11227 | Lair:1   | Noticed Erica
 11233 | Lair:1   | Killed Erica
 11233 | Lair:1   | Received a gift from Okawaru
 11934 | Lair:1   | Noticed Grum
 11941 | Lair:1   | Killed Grum
 12424 | Lair:2   | Noticed an oklob plant
 13017 | Lair:2   | Reached skill level 10 in Maces & Flails
 14034 | Lair:3   | Noticed a five-headed hydra
 14048 | Lair:3   | Killed a five-headed hydra
 14048 | Lair:3   | Received a gift from Okawaru
 14048 | Lair:3   | Received a gift from Okawaru
 14711 | Lair:3   | Reached XP level 12. HP: 26/86 MP: 8/21
 15315 | Lair:3   | Found a staircase to the Swamp.
 15728 | Lair:4   | Found a gate leading to a gauntlet.
 15737 | Gauntlet | Entered a Gauntlet
 15737 | Gauntlet | Found a transporter.
 15737 | Gauntlet | Found a transporter.
 15737 | Gauntlet | Found a transporter.
 15741 | Gauntlet | Found a transporter.
 15742 | Gauntlet | Found a transporter.
 15745 | Gauntlet | Found a transporter.
 15751 | Gauntlet | Found a runed translucent gate.
 15752 | Gauntlet | Found a transporter.
 15753 | Gauntlet | Found a transporter.
 15754 | Gauntlet | Found a runed translucent gate.
 15754 | Gauntlet | Found a transporter.
 15755 | Gauntlet | Found a runed translucent gate.
 15756 | Gauntlet | Found a large runed translucent door.
 15756 | Gauntlet | Found a transporter.
 15757 | Gauntlet | Found a large runed translucent door.
 15758 | Gauntlet | Found a large runed translucent door.
 15758 | Gauntlet | Found a large runed translucent door.
 15758 | Gauntlet | Found a runed translucent door.
 15758 | Gauntlet | Noticed a death scarab
 15759 | Gauntlet | Found a large runed translucent door.
 15760 | Gauntlet | Found a large runed translucent door.
 15761 | Gauntlet | Found a large runed translucent door.
 15761 | Gauntlet | Found a large runed translucent door.
 15761 | Gauntlet | Noticed a death scarab
 15762 | Gauntlet | Found a runed translucent gate.
 15762 | Gauntlet | Found a runed translucent gate.
 15764 | Gauntlet | Found a transporter.
 15768 | Gauntlet | Found a transporter.
 15773 | Gauntlet | Found a runed translucent door.
 15857 | Gauntlet | Found a large runed translucent door.
 15858 | Gauntlet | Found a large runed translucent door.
 15859 | Gauntlet | Found a large runed translucent door.
 15859 | Gauntlet | Found a large runed translucent door.
 15859 | Gauntlet | Found a runed translucent door.
 15860 | Gauntlet | Found a large runed translucent door.
 15861 | Gauntlet | Found a large runed translucent door.
 15862 | Gauntlet | Found a large runed translucent door.
 15862 | Gauntlet | Found a large runed translucent door.
 15863 | Gauntlet | Found a runed translucent gate.
 15866 | Gauntlet | Noticed an anaconda
 15866 | Gauntlet | a water nymph changed into an anaconda
 15873 | Gauntlet | an anaconda changed into a sea snake
 16396 | Gauntlet | Killed a death scarab
 16409 | Gauntlet | Received a gift from Okawaru
 16419 | Gauntlet | Got a transparent eveningstar {god gift}
 16420 | Gauntlet | Identified the +4 eveningstar "Demonbane" {vorpal, +Blink
                  | rElec MR-} (Okawaru gifted it to you in a Gauntlet)
 16441 | Gauntlet | Killed a death scarab
 16442 | Gauntlet | Got a fine granite ring
 16449 | Gauntlet | Identified the ring of Ytefru {Ice *Drain rN+++ Dex+3
                  | Slay+3} (You found it in a Gauntlet)
 16469 | Gauntlet | Identified the +10 plate armour of Vevaelumn {rPois rF+++
                  | Str+2 Int-5 Dex-2}
 16469 | Gauntlet | Noticed a minotaur
 16484 | Gauntlet | Killed a minotaur
 16948 | Lair:4   | You fall into a shaft and drop 2 floors!
 16948 | Lair:6   | Entered Level 6 of the Lair of Beasts
 16997 | Lair:5   | Noticed an eight-headed hydra
 17006 | Lair:6   | Killed an eight-headed hydra
 17019 | Lair:6   | Noticed a death yak
 17307 | Lair:5   | Received a gift from Okawaru
 17319 | Lair:5   | Received a gift from Okawaru
 17576 | Lair:5   | Noticed Rupert
 17586 | Lair:5   | Paralysed by Rupert for 3 turns
 17593 | Lair:5   | Killed Rupert
 17593 | Lair:5   | Received a gift from Okawaru
 17612 | Lair:5   | Received a gift from Okawaru
 17617 | Lair:5   | Got a scorched lapis lazuli ring
 17619 | Lair:5   | Identified the ring "Loqixt" {rC+ MR+} (You found it on
                  | level 5 of the Lair of Beasts)
 17749 | Lair:5   | Killed a death yak
 18125 | Lair:4   | Found a hole to the Spider Nest.
 18173 | Lair:4   | Found a shattered altar of Ashenzari.
 18259 | Lair:4   | Received a gift from Okawaru
 18601 | Lair:6   | Noticed a death yak
 18602 | Lair:6   | Noticed a death yak
 18605 | Lair:6   | Noticed a death yak
 18606 | Lair:6   | Reached XP level 13. HP: 67/91 MP: 17/22
 18614 | Lair:5   | Received a gift from Okawaru
 18822 | Lair:5   | Received a gift from Okawaru
 19007 | Lair:6   | Found a hide-covered altar of Uskayaw.
 19122 | Lair:6   | Reached skill level 15 in Maces & Flails
 19408 | Lair:6   | Noticed a dire elephant
 19425 | Lair:6   | Killed a dire elephant
 19779 | Lair:6   | Received a gift from Okawaru
 19790 | Lair:6   | Found the +2 ratskin cloak {*Rats rPois rN+ Str-1 Int-1
                  | Dex+1}
 20028 | Lair:6   | Found a runed translucent gate.
 20028 | Lair:6   | Found a runed translucent gate.
 20028 | Lair:6   | Found a runed translucent gate.
 20729 | Lair:6   | Noticed Soleras's ghost (journeyman DECj)
 21018 | Lair:6   | Found a staircase to the Slime Pits.
 21220 | Lair:6   | Killed Soleras's ghost
 21702 | D:10     | Reached XP level 14. HP: 98/101 MP: 21/23
 21744 | D:10     | Received a gift from Okawaru
 21936 | D:10     | Found a large runed translucent door.
 21936 | D:10     | Found a large runed translucent door.
 21991 | D:10     | Found a large runed translucent door.
 21991 | D:10     | Found a large runed translucent door.
 22191 | D:10     | Found a staircase to the Orcish Mines.
 22615 | D:11     | Noticed Urug
 22628 | D:11     | Killed Urug
 23621 | D:12     | Received a gift from Okawaru
 23624 | D:12     | Got a spiked helmet {god gift}
 23635 | D:12     | Identified the +0 helmet of Leapfrog {rPois Str+3 Dex+4}
                  | (Okawaru gifted it to you on level 12 of the Dungeon)
 24321 | D:12     | Found Toileih's Antique Armour Emporium.
 24698 | D:13     | Reached skill level 5 in Shields
 24984 | D:13     | Reached skill level 10 in Throwing
 25281 | D:13     | Found a gate to the Vaults.
 25394 | D:13     | Received a gift from Okawaru
 25970 | D:13     | Identified a scroll of acquirement
 25971 | D:13     | Acquired a manual of Shields
 26888 | D:15     | Entered Level 15 of the Dungeon
 27169 | D:15     | Gained mutation: Your movements are slightly less
                  | encumbered by armour. (ER -2) [demonic ancestry]
 27169 | D:15     | Reached XP level 15. HP: 100/107 MP: 24/24
 27259 | D:15     | Found a staircase to the Depths.
 27359 | D:15     | Received a gift from Okawaru
 27437 | D:15     | Reached skill level 10 in Shields
 27693 | D:15     | Received a gift from Okawaru
 28356 | Orc:1    | Entered Level 1 of the Orcish Mines
 29063 | Orc:2    | Entered Level 2 of the Orcish Mines
 29336 | Orc:2    | Found a staircase to the Elven Halls.
 29485 | Orc:2    | Gained mutation: Armour fits poorly on your strangely
                  | shaped body. [a neqoxec]
 29835 | Orc:2    | Found Qanos's Weapon Shop.
 29835 | Orc:2    | Found Jestrebe's Weapon Emporium.
 29837 | Orc:2    | Found Temol's Weapon Boutique.
 29837 | Orc:2    | Found Meink's General Store.
 30199 | Orc:2    | Received a gift from Okawaru
 30381 | Orc:2    | Received a gift from Okawaru
 30716 | Depths:1 | Entered Level 1 of the Depths
 30964 | D:15     | Received a gift from Okawaru
 31605 | Depths:1 | Reached XP level 16. HP: 113/113 MP: 23/25
 31679 | Depths:1 | Received a gift from Okawaru
 32292 | Depths:1 | Reached skill level 15 in Shields
 32308 | Depths:1 | Paralysed by something for 6 turns
 32322 | Depths:1 | Paralysed by something for 5 turns
 32325 | Depths:1 | HP: 1/115 [something (8)]
 32325 | Depths:1 | Mangled by a vampire knight

Illustrated notes

Levels and vault maps discovered:
D:1:      dpeg_chamrin_arrival_tetris, layout_loops_corners, st_stairs_14,
          minmay_tetromino_i4
D:2:      layout_loops_ring
D:3:      layout_loops_ring, lightli_temple_of_fire, old_standard_altar,
          serial_park_tiny_1
D:4:      layout_loops_ring, vehumet_altar_wand_db,
          minmay_fractal_squares_gapless_5, uniq_eustachio,
          uniq_crazy_yiuf_cottage, uniq_grinder
D:5:      layout_rooms, overflow_temple_1_default, temple_hall, minivault_14
D:6:      layout_rooms, lemuel_crystal_altar, basic_altar, uniq_prince_ribbit1
D:7:      layout_loops_ring, grunt_temple_overflow_champion_of_chaos,
          marbit_many_paths, nicolae_overflow_hidden_temple, st_stairs_7,
          uniq_harold, uniq_pikel
D:8:      layout_basic, lemuel_round_altar, basic_altar,
          chequers_serial_rivers_micro_e, st_stairs_3, fedhas_altar_3
D:9:      layout_grid_maze, nicolae_dithmenos_the_darkroom
D:10:     layout_cave_pools, david_lair_generic, orc_0_dummy,
          minmay_hollow_rounded_squares
D:11:     layout_basic, uniq_urug
D:12:     layout_long_grid, serial_shops, nicolae_shop_window_shopping,
          serial_park_tiny_1
D:13:     layout_loops_ring, hangedman_vaults_entry_quadrant_bands
D:14:     layout_basic, kennysheep_generic_room_16
D:15:     grunt_enter_depths_snipers, layout_basic,
          hangedman_abyss_or_decor_passed
Temple:   nicolae_temple_no_exploring_needed
Lair:1:   layout_small_grid, nicolae_volcano_entry_hallway,
          chequers_serial_rivers_large_a, uniq_grum, uniq_erica
Lair:2:   layout_cave_pods, minmay_lair_oklob_chamber,
          infiniplex_staircase_pool_2, grunt_megastairs_3
Lair:3:   layout_chaotic_city, nicolae_swamp_entry_splash_gauntlet,
          kennysheep_catoblepas_arena, grunt_megastairs_4,
          infiniplex_staircase_pool
Lair:4:   layout_gridlike, nicolae_spider_entry_tight_spaces, basic_altar,
          gauntlet_entry_generic, lemuel_fruit_fields, serial_bayou_shore_a
Lair:5:   layout_gridlike, uniq_rupert
Lair:6:   hangedman_lair_in_review, layout_cave_pods, dpeg_slime_entry_corner,
          gammafunk_ghost_icy, basic_altar, minmay_lair_oklob_bushes,
          chequers_serial_rivers_small_3, chequers_serial_rivers_small_3
Orc:1:    layout_caves
Orc:2:    st_orc_ogre_mass, layout_diamond_mine
Depths:1: layout_cave_pools, hell_entry, serial_sigils_hangedman_leer,
          gammafunk_ghost_wrathful_warriors, serial_bayou_ford_a, minivault_16,
          laboratory

Skill      XL: |  1  2  3  4  5  6  7  8  9 10 11 12 13 14 15 16 |
---------------+-------------------------------------------------+-----
Throwing       | 1 2 3 4 5 6 8 11 12 | 12.0
Fighting       | 4 5 6 7 |  7.1
Armour         | 3 4 5 6 |  6.1
Dodging        | 3 6 |  6.1
Invocations    | 5 9 12 | 12.0
Maces & Flails | 3 6 11 14 15 | 15.9
Shields        | 8 14 15 | 15.0
Axes           | |  1.7

Action                   |  1- 3 |  4- 6 |  7- 9 | 10-12 | 13-15 | 16-18 || total
-------------------------+-------+-------+-------+-------+-------+-------++-------
Melee: War axe           |    52 |       |       |       |       |       ||    52
       Short sword       |    49 |   107 |   352 |       |       |       ||   508
       Kick              |    19 |    27 |   116 |   247 |   496 |    49 ||   954
       Whip              |       |       |    70 |   555 |       |       ||   625
       Great mace        |       |       |       |    33 |       |       ||    33
       Eveningstar       |       |       |       |   133 |  1085 |    86 ||  1304
Throw: Boomerang         |     1 |       |     5 |    23 |       |       ||    29
Invok: Heroism           |       |       |       |    11 |     1 |       ||    12
Evoke: Wand              |       |       |       |     3 |       |       ||     3
  Use: Scroll            |       |     8 |     5 |     6 |     7 |       ||    26
       Potion            |       |       |       |     5 |       |       ||     5
 Stab: Distracted        |       |     1 |     1 |     2 |     7 |     1 ||    12
Armor: Scale mail        |    44 |    49 |    55 |       |       |       ||   148
       Plate armour      |       |       |   200 |   289 |   554 |    35 ||  1078
Dodge: Dodged            |    23 |    32 |    89 |   174 |   381 |    24 ||   723
Block: Kite shield       |    62 |    56 |   214 |   285 |   650 |    46 ||  1313

Table legend: (Time is in decaauts)
 A = Elapsed time spent in this place.
 B = Non-inter-level travel time spent in this place.
 C = Inter-level travel time spent in this place.
 D = Time resting spent in this place.
 E = Time spent auto-exploring this place.
 F = Levels seen in this place.
 G = Mean time per level.
                   A        B        C        D        E       F      G
               +--------+--------+--------+--------+--------+-----+--------+
         Total |  32112 |  30968 |   1144 |  10576 |  14867 |  27 | 1189.3 |
       Dungeon |  17084 |  16290 |    794 |   3778 |   9668 |  15 | 1138.9 |
        Temple |     15 |      8 |      7 |      0 |      0 |   1 |   15.0 |
          Lair |   9761 |   9505 |    256 |   4004 |   4061 |   6 | 1626.8 |
  Orcish Mines |   2173 |   2087 |     86 |    780 |    902 |   2 | 1086.5 |
        Depths |   1125 |   1125 |      0 |    755 |    101 |   1 | 1125.0 |
       Volcano |    897 |    897 |      0 |    618 |      0 |   1 |  897.0 |
      Gauntlet |   1054 |   1054 |      0 |    641 |    135 |   1 | 1054.0 |
               +--------+--------+--------+--------+--------+-----+--------+

Top non-repeatable levels by time:
  Lair:6: 2616 daAuts
    D:15: 1842 daAuts
  Lair:3: 1838 daAuts
  Lair:1: 1754 daAuts
     D:9: 1632 daAuts
    D:13: 1598 daAuts
  Lair:2: 1535 daAuts
   Orc:2: 1448 daAuts
     D:7: 1287 daAuts
    D:11: 1238 daAuts
     D:8: 1177 daAuts
     D:4: 1173 daAuts
     D:1: 1131 daAuts
Depths:1: 1125 daAuts
Gauntlet: 1054 daAuts
